 Dungeon Crawl Stone Soup version 0.17-a0-2208-ge5ab1d3 (webtiles) character file.

82 radek the Conjurer (level 4, -1/24 HPs)
             Began as a Deep Elf Conjurer on Oct 26, 2015.
             Killed by divine providence
             ... invoked by an orc priest
              (15 damage)
             ... on level 3 of the Dungeon.
             The game lasted 00:08:06 (2402 turns).

radek the Conjurer (Deep Elf Conjurer)              Turns: 2402, Time: 00:08:06

Health: -1/24      AC:  5    Str:  6    XL:     4   Next: 21%
Magic:  5/10       EV: 13    Int: 20    God:
Gold:   134        SH:  0    Dex: 15    Spells: 1 memorised, 8 levels left

rFire  . . .     SeeInvis .     h - +0 short sword
rCold  . . .     Clarity  .     a - +0 robe
rNeg   . . .     SustAt   .     (no shield)
rPois  .         Gourm    .     f - +2 hat
rElec  .         Spirit   .     (no cloak)
rCorr  .         Warding  .     k - +0 pair of gloves
rMut   .         Stasis   .     (no boots)
MR     .....                    (no amulet)
Stlth  ++........               (no ring)
                                (no ring)

@: not resistant to hostile enchantments, unstealthy
A: no striking features
a: no special abilities


You were on level 3 of the Dungeon.
You were not hungry.

You visited 1 branch of the dungeon, and saw 3 of its levels.

You collected 134 gold pieces.

Inventory:

Hand Weapons
 h - a +0 short sword (weapon)
 u - a +0 short sword
Armour
 a - a +0 robe (worn)
 f - a +2 hat (worn)
 k - a +0 pair of gloves (worn)
Scrolls
 d - 2 scrolls of identify {unknown}
 e - a scroll of enchant weapon {unknown}
 j - a scroll of remove curse {unknown}
 l - a scroll of recharging {unknown}
 n - a scroll of immolation {unknown}
 q - 2 scrolls of fear {unknown}
 r - 2 scrolls of enchant armour {unknown}
 s - a scroll of teleportation {unknown}
 t - a scroll of magic mapping {unknown}
Potions
 g - a potion of lignification {unknown}
 i - a potion of ambrosia {unknown}
 m - a potion of haste {unknown}
 o - 2 potions of degeneration {unknown}
 p - 2 potions of poison {unknown}
 v - 2 potions of agility {unknown}
Books
 b - a book of Conjurations

   Spells                             Type                      Level
   a - Magic Dart                     Conjuration                  1
   b - Searing Ray                    Conjuration                  2
   c - Dazzling Spray                 Conjuration/Hexes            3
   d - Fulminant Prism                Conjuration/Hexes            4
   e - Iskenderun's Mystic Blast      Conjuration                  4
   f - Iskenderun's Battlesphere      Conjuration/Charms           5
Comestibles
 c - 3 bread rations


   Skills:
 - Level 2.4 Dodging
 - Level 2.4 Stealth
 - Level 3.0 Spellcasting
 + Level 6.3 Conjurations


You had 8 spell levels left.
You knew the following spells:

 Your Spells              Type           Power        Failure   Level  Hunger
a - Magic Dart            Conj           ####         1%          1    None


Dungeon Overview and Level Annotations

Branches:
Dungeon (3/15)

Altars:
Okawaru
Xom


Message History

The magic dart hits the hobgoblin.
You kill the hobgoblin!
Casting: Magic Dart
Confirm with . or Enter, or press ? or * to list all spells.
Aiming: Magic Dart
Press: ? - help, Shift-Dir - straight line, f - orc priest
Aim: an orc priest, wielding a whip The magic dart hits the orc priest.
The orc priest is moderately wounded.
Casting: Magic Dart
Confirm with . or Enter, or press ? or * to list all spells.
Aiming: Magic Dart
Press: ? - help, Shift-Dir - straight line, f/p - orc priest
Aim: an orc priest, wielding a whip (moderately wounded)
The magic dart hits the orc priest.
The orc priest is heavily wounded.
The orc priest invokes the aid of Beogh against you.
Something smites you!
Ouch! That really hurt!
You die...

#..............# #.#
##.##...##.....# #.#
...........).).# #.#
####...###.....####.###
##.....# #.....#......#
.o....## #######.##.#.###
##.#.## #)##.#..<#
.....######### #.##...#.#
##.###.......###@####...#
#.# #.......o...####..##
#.# #.†#..............#
#.###..#.#............#
#.og.....#.....########
#####..........#
##).....#### ########


You could see an orc priest.

Vanquished Creatures
  2 adders (D:2)
  An ooze (D:1)
  3 giant geckos
  4 bats
  6 giant cockroaches
  6 goblins
  9 hobgoblins
  8 kobolds
  A quokka (D:2)
  2 giant newts (D:1)
  7 jackals
  3 rats
52 creatures vanquished.

Notes
Turn   | Place    | Note
--------------------------------------------------------------
     0 | D:1      | radek the Deep Elf Conjurer began the quest for the Orb.
     0 | D:1      | Reached XP level 1. HP: 10/10 MP: 6/6
   220 | D:1      | Reached XP level 2. HP: 15/15 MP: 2/8
   227 | D:1      | Reached skill level 5 in Conjurations
   750 | D:1      | Reached XP level 3. HP: 12/19 MP: 4/9
  1345 | D:2      | Found a shimmering altar of Xom.
  1760 | D:2      | Found an iron altar of Okawaru.
  1884 | D:2      | Reached skill level 6 in Conjurations
  1953 | D:2      | Reached XP level 4. HP: 24/24 MP: 7/10
  2402 | D:3      | Killed from afar by an orc priest

Vault maps used:
D:1:      minmay_arrival_hallway
D:2:      nicolae_overflow_hidden_temple, lemuel_crystal_altar, first_bread,
          minmay_bad_closet
D:3:      portal_sewer_entry_c, dk_vineyard_1, grunt_decor_mini_mirrors,
          uniq_robin

Action                   |  1- 3 |  4- 6 || total
-------------------------+-------+-------++-------
 Cast: Magic Dart        |    80 |    27 ||   107
  Eat: Meat ration       |     1 |       ||     1
       Chunk             |     1 |       ||     1
